 Dungeon Crawl Stone Soup version 0.28.0-45-g0d030f2227 (webtiles) character file.

Game seed: 16671344578606247307

806 Ablot the Grasshopper (level 7, 0/56 HPs)
             Began as a Gnoll Warper on Apr 3, 2022.
             Slain by a gnoll
             ... wielding a +0 halberd
              (10 damage)
             ... on level 5 of the Dungeon.
             The game lasted 00:06:39 (6095 turns).

Ablot the Grasshopper (Gnoll Warper)                Turns: 6095, Time: 00:06:40

Health: 0/56       AC:  5    Str: 13    XL:     7   Next: 91%
Magic:  15/15      EV: 13    Int: 12    God:
Gold:   134        SH:  0    Dex: 11    Spells: 15/17 levels left

rFire   + . .      SeeInvis .   a - +0 trident
rCold   . . .      Faith    .   (no shield)
rNeg    . . .      Spirit   .   b - +0 leather armour
rPois   .          Reflect  .   u - +0 helmet
rElec   .          Harm     .   (no cloak)
rCorr   .          Rampage  .   (no gloves)
Will    .....                   r - +0 pair of boots
Stlth   ++........              (no amulet)
HPRegen 0.18/turn               v - ring of protection from fire
MPRegen 0.14/turn               (no ring)

@: no status effects
A: fangs 1, strong nose, distributed training
a: no special abilities


You were on level 5 of the Dungeon.
You visited 1 branch of the dungeon, and saw 5 of its levels.

You collected 230 gold pieces.
You spent 96 gold pieces at shops.

Inventory:

Hand Weapons
 a - a +0 trident (weapon)
Missiles
 d - 5 boomerangs of dispersal (quivered)
 e - 103 stones
 i - 77 arrows
 n - 17 bolts
 C - 29 sling bullets
Armour
 b - a +0 leather armour (worn)
 r - a +0 pair of boots (worn)
 u - a +0 helmet (worn)
Magical Staves
 g - a staff of cold
Jewellery
 v - a ring of protection from fire (left hand)
 y - a ring of protection from cold
Wands
 o - a wand of flame (31)
 B - a wand of iceblast (6)
 D - a wand of digging (1)
Scrolls
 c - a scroll of blinking
 f - a scroll of enchant weapon {unknown}
 h - 2 scrolls of noise {unknown}
 k - 3 scrolls of identify
 m - 4 scrolls of teleportation
 q - a scroll of brand weapon {unknown}
 s - a scroll of vulnerability {unknown}
 A - a scroll of torment {unknown}
Potions
 j - 3 potions of mutation {unknown}
 l - a potion of curing
 p - a potion of might {unknown}
 t - 2 potions of flight {unknown}
 w - a potion of berserk rage {unknown}
 z - a potion of magic {unknown}


   Skills:
 + Level 5.4 Fighting
 + Level 2.8 Short Blades
 + Level 2.8 Long Blades
 + Level 2.8 Axes
 + Level 2.8 Maces & Flails
 + Level 5.4 Polearms
 + Level 2.8 Staves
 + Level 2.8 Slings
 + Level 2.8 Bows
 + Level 2.8 Crossbows
 + Level 3.8 Throwing
 + Level 3.8 Armour
 + Level 5.4 Dodging
 + Level 2.8 Stealth
 + Level 2.8 Shields
 + Level 2.8 Unarmed Combat
 + Level 5.8 Spellcasting
 + Level 2.2 Conjurations
 + Level 2.2 Hexes
 + Level 2.2 Summonings
 + Level 2.2 Necromancy
 + Level 5.9 Translocations
 + Level 2.2 Transmutations
 + Level 2.2 Fire Magic
 + Level 2.2 Ice Magic
 + Level 2.2 Air Magic
 + Level 2.2 Earth Magic
 + Level 2.2 Poison Magic
 + Level 3.1 Invocations
 + Level 2.8 Evocations


You had 15 spell levels left.
You knew the following spells:

 Your Spells              Type           Power      Damage    Failure   Level
a - Blink                 Tloc           34%        N/A       3%          2

Your spell library contained the following spells:

 Spells                   Type           Power      Damage    Failure   Level
 Gell's Gravitas          Tloc           17%        N/A       6%          3
 Lesser Beckoning         Tloc           17%        N/A       6%          3
 Teleport Other           Tloc           17%        N/A       6%          3
 Corpse Rot               Necr/Air       16%        N/A       14%         2
 Poisonous Vapours        Pois/Air       16%        N/A       14%         2
 Manifold Assault         Tloc           17%        N/A       47%         5


Dungeon Overview and Level Annotations

Branches:
Dungeon (5/15)
 Temple: D:4-7

Altars:
Dithmenos
Fedhas
Uskayaw

Shops:
D:1 :[!?

Annotations:
D:5 Ijyb


Innate Abilities, Weirdness & Mutations

You have very sharp teeth.
Your uncanny sense of smell can sniff out nearby items.
Your experience applies equally to all skills.


Message History

The gnoll is severely wounded.
The gnoll hits you with a +0 whip. The gnoll barely misses you.
You puncture the gnoll!
You kill the gnoll!
The gnoll barely misses you.
You reach to attack!
You barely miss the gnoll. The gnoll misses you.
You closely miss the adder. You bite the adder.
The adder is lightly wounded.
The adder bites you but does no damage. The gnoll closely misses you.
You hit the adder.
The adder is heavily wounded.
The adder barely misses you.
The gnoll hits you from afar with a +0 halberd.
You miss the adder.
The adder is heavily wounded.
The adder bites you. The gnoll closely misses you.
The adder bites you but does no damage.
You closely miss the adder. Your bite misses the adder.
The adder is heavily wounded.
The adder bites you.
You are poisoned.
The adder poisons you!
The gnoll hits you from afar with a +0 halberd!
You are too injured to fight recklessly!
You are too injured to fight recklessly!
You are too injured to fight recklessly!
You feel sick.
You barely miss the adder.
The adder is heavily wounded.
You feel sick. The adder barely misses you.
The adder bites you but does no damage. The gnoll misses you.
You puncture the adder!
You kill the adder!
You feel sick.
The gnoll hits you from afar with a +0 halberd!
* * * LOW HITPOINT WARNING * * *
Unknown command.
You feel better.
The gnoll hits you from afar with a +0 halberd!
You die...

.g. #.### . ...#### #..#
.<. ..(.(.. #<###.....
.>..((. #......... #.....##
#..g...... #.....##
#......... ##.....g##
#......... #......#.##+#
#.........
........##@..###........#
.......###...).......####
#...... #..##....#.### #
..#..(..##....[.......#####
# ##.....................##
............>.......[...
...#.....................
.......#####.##........
.#....## #...........


You could see a gnoll.

Vanquished Creatures
  A water moccasin (D:5)
  A sky beast (D:5)
  A phantom (D:3)
  3 scorpions
  A water moccasin skeleton (D:5)
  A jelly (D:4)
  A centaur skeleton (D:5)
  2 hounds
  An iguana (D:4)
  An orc wizard (D:5)
  2 gnolls (D:5)
  6 adders
  A worm (D:2)
  3 dart slugs
  2 orcs (D:5)
  6 endoplasms
  4 giant cockroaches
  10 goblins
  2 hobgoblins
  3 jackals (D:2)
  5 quokkas
  A ball python (D:1)
  5 bats
  5 frilled lizards
  11 kobolds
  3 rats
82 creatures vanquished.

Notes
Turn   | Place    | Note
-------+----------+-------------------------------------------
     0 | D:1      | Ablot the Gnoll Warper began the quest for the Orb.
     0 | D:1      | Reached XP level 1. HP: 20/20 MP: 6/6
    44 | D:1      | Found Puduluodgh's Antique Armour Emporium.
    45 | D:1      | Found Aloym's Distillery.
   136 | D:1      | Reached XP level 2. HP: 25/26 MP: 7/7
   139 | D:1      | Learned a level 2 spell: Blink
   171 | D:1      | Found Kinuxomn's Book Boutique.
   527 | D:1      | Found Rismukeff's Magic Scroll Emporium.
   538 | D:1      | Bought a scroll of identify for 24 gold pieces
   779 | D:1      | Found a faded altar of an unknown god.
   884 | D:1      | Bought a potion of curing for 36 gold pieces
   926 | D:1      | Bought a scroll of teleportation for 36 gold pieces
   989 | D:2      | Reached skill level 5 in Spellcasting
   989 | D:2      | Reached XP level 3. HP: 24/31 MP: 7/9
  1071 | D:1      | Reached skill level 1 in Invocations
  1662 | D:2      | Reached skill level 1 in Short Blades
  1662 | D:2      | Reached skill level 1 in Long Blades
  1662 | D:2      | Reached skill level 1 in Axes
  1662 | D:2      | Reached skill level 1 in Maces & Flails
  1662 | D:2      | Reached skill level 1 in Staves
  1662 | D:2      | Reached skill level 1 in Slings
  1662 | D:2      | Reached skill level 1 in Bows
  1662 | D:2      | Reached skill level 1 in Crossbows
  1662 | D:2      | Reached skill level 1 in Stealth
  1662 | D:2      | Reached skill level 1 in Shields
  1662 | D:2      | Reached skill level 1 in Unarmed Combat
  1662 | D:2      | Reached skill level 1 in Evocations
  1662 | D:2      | Reached XP level 4. HP: 11/38 MP: 11/11
  2525 | D:3      | You fall into a shaft and drop 1 floor!
  2628 | D:3      | Noticed a +0 dagger
  2628 | D:3      | Noticed a +0 dagger
  2629 | D:3      | Found a hide-covered altar of Uskayaw.
  3132 | D:3      | Reached skill level 1 in Conjurations
  3132 | D:3      | Reached skill level 1 in Hexes
  3132 | D:3      | Reached skill level 1 in Summonings
  3132 | D:3      | Reached skill level 1 in Necromancy
  3132 | D:3      | Reached skill level 1 in Transmutations
  3132 | D:3      | Reached skill level 1 in Fire Magic
  3132 | D:3      | Reached skill level 1 in Ice Magic
  3132 | D:3      | Reached skill level 1 in Air Magic
  3132 | D:3      | Reached skill level 1 in Earth Magic
  3132 | D:3      | Reached skill level 1 in Poison Magic
  3232 | D:3      | Noticed a phantom
  3242 | D:3      | Killed a phantom
  3243 | D:3      | Reached XP level 5. HP: 30/43 MP: 12/12
  3974 | D:4      | Reached XP level 6. HP: 50/50 MP: 13/13
  4014 | D:4      | Found a blossoming altar of Fedhas.
  4199 | D:4      | Reached skill level 5 in Fighting
  4199 | D:4      | Reached skill level 5 in Polearms
  4199 | D:4      | Reached skill level 5 in Dodging
  4895 | D:5      | Entered Level 5 of the Dungeon
  5129 | D:5      | Noticed Ijyb
  5440 | D:5      | Found a shadowy altar of Dithmenos.
  5459 | D:5      | Reached XP level 7. HP: 56/56 MP: 15/15
  6095 | D:5      | Slain by a gnoll

Illustrated notes

Levels and vault maps discovered:
D:1:      denvon_arrival_planthouse, layout_basic, serial_shops, shop, shop,
          shop, nicolae_shop_statue_plus,
          hellmonk_ecumenical_altar_inner_sanctum, minmay_surrounded
D:2:      layout_basic, lemuel_old_faithful
D:3:      layout_basic, dancing_weapons_uskayaw, kennysheep_generic_room_9
D:4:      layout_cave_pods, fedhas_altar_2, serial_column_ruins,
          column_ruins_square_small, column_ruins_open_tiny,
          column_ruins_grid_1, column_ruins_grid_1, column_ruins_grid_1,
          column_ruins_open_tiny, nrook_uturn, chequers_serial_rivers_small_b
D:5:      layout_rooms, mainiacjoe_overflow_tiny_flanked,
          minmay_temple_entry_enclosed_plants, serial_park_tiny_1, uniq_ijyb

Skill      XL: |  1  2  3  4  5  6  7 |
---------------+----------------------+-----
Spellcasting   | 5 |  5.8
Invocations    | 1 2 3 |  3.1
Short Blades   | 1 2 |  2.8
Long Blades    | 1 2 |  2.8
Axes           | 1 2 |  2.8
Maces & Flails | 1 2 |  2.8
Staves         | 1 2 |  2.8
Slings         | 1 2 |  2.8
Bows           | 1 2 |  2.8
Crossbows      | 1 2 |  2.8
Stealth        | 1 2 |  2.8
Shields        | 1 2 |  2.8
Unarmed Combat | 1 2 |  2.8
Evocations     | 1 2 |  2.8
Conjurations   | 1 2 |  2.2
Hexes          | 1 2 |  2.2
Summonings     | 1 2 |  2.2
Necromancy     | 1 2 |  2.2
Transmutations | 1 2 |  2.2
Fire Magic     | 1 2 |  2.2
Ice Magic      | 1 2 |  2.2
Air Magic      | 1 2 |  2.2
Earth Magic    | 1 2 |  2.2
Poison Magic   | 1 2 |  2.2
Throwing       | 3 |  3.8
Armour         | 3 |  3.8
Fighting       | 5 |  5.4
Polearms       | 5 |  5.4
Dodging        | 5 |  5.4
Translocations | |  5.9

Action                   |  1- 3 |  4- 6 |  7- 9 || total
-------------------------+-------+-------+-------++-------
Melee: Spear             |   149 |   146 |       ||   295
       Bite              |    16 |    21 |     7 ||    44
       Punch             |     2 |     1 |     1 ||     4
       Trident           |       |    80 |    72 ||   152
Throw: Dart              |       |     3 |     6 ||     9
Evoke: Wand              |       |     4 |       ||     4
  Use: Potion            |       |       |     1 ||     1
 Stab: Sleeping          |       |     7 |       ||     7
       Distracted        |       |       |     1 ||     1
Armor: Leather armour    |    34 |    45 |    14 ||    93
Dodge: Dodged            |    94 |   112 |    53 ||   259
